 Dungeon Crawl Stone Soup version 0.30-a0-808-g6e0788376e (webtiles) character file.

Game seed: 14658736053983516570

189 cforsyth the Sneak (level 6, 0/37 HPs)
             Began as a Kobold Brigand on Feb 25, 2023.
             Slain by a water moccasin zombie (4 damage)
             ... on level 4 of the Dungeon.
             The game lasted 00:02:50 (2788 turns).

cforsyth the Sneak (Kobold Brigand)                 Turns: 2788, Time: 00:02:50

Health: 0/37       AC:  4    Str:  8    XL:     6   Next: 0%
Magic:  6/6        EV: 16    Int: 12    God:
Gold:   195        SH:  0    Dex: 19    Spells: 5/5 levels left

rFire   . . .      SeeInvis .    h - +1 short sword (venom)
rCold   . . .      Faith    .    (no shield)
rNeg    . . .      Spirit   .    b - +0 robe
rPois   .          Reflect  .    (no helmet)
rElec   .          Harm     .    c - +0 cloak
rCorr   .          Rampage  .    w - +0 pair of gloves
Will    .....                    (no boots)
Stlth   +++++                    (no amulet)
HPRegen 0.26/turn                (no ring)
MPRegen 0.10/turn                (no ring)

@: no status effects
A: small, no large weapons, nightstalker 3
a: no special abilities


You were on level 4 of the Dungeon.
You visited 1 branch of the dungeon, and saw 4 of its levels.

You collected 195 gold pieces.

Inventory:

Hand Weapons
 a - a +2 dagger
 h - a +1 short sword of venom (weapon)
 o - a +0 short sword of speed
Missiles
 d - 14 poisoned darts (quivered)
 e - 3 curare-tipped darts
 u - a throwing net
Armour
 b - a +0 robe (worn)
 c - a +0 cloak (worn)
 w - a +0 pair of gloves (worn)
Jewellery
 l - a ring of ice
Wands
 r - a wand of flame (24)
 x - a wand of charming (7)
Scrolls
 f - 3 scrolls of identify {unknown}
 g - a scroll of fog {unknown}
 i - 4 scrolls of amnesia {unknown}
 k - 3 scrolls of teleportation {unknown}
 p - 3 scrolls of fear {unknown}
 q - 3 scrolls of noise {unknown}
 y - a scroll of blinking {unknown}
Potions
 j - 5 potions of curing {unknown}
 m - a potion of cancellation
 n - a potion of invisibility {unknown}
 s - a potion of mutation {unknown}
 t - a potion of heal wounds {unknown}
 v - a potion of brilliance {unknown}


   Skills:
 + Level 3.6 Fighting
 + Level 4.3 Short Blades
 - Level 2.1 Throwing
 + Level 3.3 Dodging
 + Level 6.6 Stealth


You had 5 spell levels left.
You didn't know any spells.
Your spell library contained the following spells:

 Spells                   Type           Power      Damage    Failure   Level
 Slow                     Hex            0%         N/A       32%         1
 Confusing Touch          Hex            0%         N/A       69%         3
 Portal Projectile        Hex/Tloc       0%         N/A       69%         3
 Tukima's Dance           Hex            0%         N/A       69%         3
 Vampiric Draining        Necr           0%         2d6       69%         3
 Blade Hands              Tmut           0%         N/A       100%        5


Dungeon Overview and Level Annotations

Branches:
Dungeon (4/15)
 Temple: D:4-7

Altars:
Elyvilon
Makhleb
Okawaru
Yredelemnul

Annotations:
D:4 3 runed translucent doors, sirJeffrey23's ghost, amateur DsFi


Innate Abilities, Weirdness & Mutations

You are small and have problems with some larger weapons.
You are completely attuned to the shadows.


Message History

The water moccasin zombie is moderately damaged.
The water moccasin zombie bites you.
You completely miss the water moccasin zombie.
The water moccasin zombie is moderately damaged.
The water moccasin zombie bites you.
* * * LOW HITPOINT WARNING * * *
You hit the water moccasin zombie.
The water moccasin zombie is heavily damaged.
The water moccasin zombie completely misses you.
You hit the water moccasin zombie.
The water moccasin zombie is heavily damaged.
The water moccasin zombie closely misses you.
You closely miss the water moccasin zombie.
The water moccasin zombie is heavily damaged.
The water moccasin zombie bites you.
* * * LOW HITPOINT WARNING * * *
You closely miss the water moccasin zombie.
The water moccasin zombie is heavily damaged.
The water moccasin zombie completely misses you.
You barely miss the water moccasin zombie.
The water moccasin zombie is heavily damaged.
The water moccasin zombie barely misses you.
You hit the water moccasin zombie.
The water moccasin zombie is heavily damaged.
You hit the water moccasin zombie.
The water moccasin zombie is severely damaged.
The water moccasin zombie closely misses you.
You barely miss the water moccasin zombie.
The water moccasin zombie is severely damaged.
The water moccasin zombie misses you.
You barely miss the water moccasin zombie.
The water moccasin zombie is severely damaged.
The water moccasin zombie bites you.
* * * LOW HITPOINT WARNING * * *
You hit the water moccasin zombie.
The water moccasin zombie is severely damaged.
The water moccasin zombie bites you but does no damage.
It was a potion of cancellation.
You feel magically purged. The water moccasin zombie bites you.
You die...

.###### ###.#<...## .#
#........###
.##########.##....>..#
.........##.##.....#.#
########..........#.^#
############'## ####.#
#....# #@####
#..Z.+W$# #._..+.)#
#....+.$# ##.#.####


You could see sirJeffrey23's ghost and a water moccasin zombie.

Vanquished Creatures
  A necrophage (D:3)
  Ijyb (D:3)
  A hound zombie (D:4)
  2 adders (D:3)
  5 worms
  2 dart slugs (D:2)
  An orc (D:3)
  5 ball pythons
  4 bats
  4 endoplasms
  A giant cockroach (D:3)
  5 hobgoblins
  6 quokkas
  5 frilled lizards
  3 goblins
  5 kobolds
  8 rats
59 creatures vanquished.

Notes
Turn   | Place    | Note
-------+----------+-------------------------------------------
     0 | D:1      | cforsyth the Kobold Brigand began the quest for the Orb.
     0 | D:1      | Reached XP level 1. HP: 12/12 MP: 1/1
    81 | D:1      | You fall into a shaft and drop 1 floor!
   368 | D:1      | Reached XP level 2. HP: 18/18 MP: 2/2
   608 | D:1      | Reached XP level 3. HP: 20/22 MP: 3/3
  1703 | D:2      | Reached XP level 4. HP: 27/27 MP: 4/4
  1921 | D:3      | Found an iron altar of Okawaru.
  1940 | D:3      | Found a white marble altar of Elyvilon.
  1997 | D:3      | Reached skill level 6 in Stealth
  2104 | D:3      | Noticed Ijyb
  2108 | D:3      | Killed Ijyb
  2241 | D:3      | Reached XP level 5. HP: 32/32 MP: 5/5
  2252 | D:3      | Found a burning altar of Makhleb.
  2750 | D:4      | Found a runed translucent gate.
  2760 | D:4      | Found a runed translucent gate.
  2760 | D:4      | Noticed sirJeffrey23's ghost (amateur DsFi)
  2761 | D:4      | Found a basalt altar of Yredelemnul.
  2761 | D:4      | Found a runed translucent gate.
  2772 | D:4      | Reached XP level 6. HP: 31/37 MP: 6/6
  2788 | D:4      | Slain by a water moccasin zombie

Illustrated notes

Levels and vault maps discovered:
D:1:      nicolae_arrival_somewhat_less_tricky_arrival, layout_basic,
          st_stairs_4, chequers_avenue
D:2:      layout_loops_cross
D:3:      layout_rooms, bloody_makhleb, mainiacjoe_overflow_catwalk_spiral,
          serial_rivers, chequers_serial_rivers_small_3,
          chequers_serial_rivers_room_a, chequers_serial_rivers_room_b,
          chequers_serial_rivers_room_a, chequers_serial_rivers_large_a,
          dk_noncrumbling_4, uniq_ijyb
D:4:      layout_loops_ring, nicolae_dithmenos_through_a_glass_darkly,
          nicolae_yredelemnul_ghost_church, dilly_guarded_unrand_morg

Skill      XL: |  1  2  3  4  5 |
---------------+----------------+-----
Short Blades   | 3 4 |  4.3
Dodging        | 2 3 |  3.3
Fighting       | 3 |  3.6
Stealth        | 6 |  6.6
Throwing       | |  2.1

Action                     |  1- 3 |  4- 6 || total
---------------------------+-------+-------++-------
  Melee: Short sword       |    78 |    66 ||   144
         Dagger            |     1 |       ||     1
         Punch             |     1 |       ||     1
    Use: Potion            |       |     1 ||     1
   Stab: Sleeping          |    18 |    10 ||    28
         Distracted        |       |     1 ||     1
 Armour: Robe              |    15 |     7 ||    22
  Dodge: Dodged            |    35 |    28 ||    63

Table legend: (Time is in decaauts)
 A = Elapsed time spent in this place.
 B = Non-inter-level travel time spent in this place.
 C = Inter-level travel time spent in this place.
 D = Time resting spent in this place.
 E = Time spent auto-exploring this place.
 F = Levels seen in this place.
 G = Mean time per level.
                   A        B        C        D        E       F      G
               +--------+--------+--------+--------+--------+-----+--------+
         Total |   2785 |   2686 |     99 |      0 |   2275 |   4 |  696.2 |
       Dungeon |   2785 |   2686 |     99 |      0 |   2275 |   4 |  696.2 |
               +--------+--------+--------+--------+--------+-----+--------+

Top non-repeatable levels by time:
     D:1: 1166 daAuts
     D:3: 808 daAuts
     D:2: 729 daAuts
     D:4: 81 daAuts
